 Dungeon Crawl Stone Soup version 0.29-a0-982-gaed3a0c8d8 (webtiles) character file.

Game seed: 13536719599807460119

17306 IdlyInterested the Cleaver (level 12, -6/95 HPs)
             Began as a Demonspawn Fighter on Aug 1, 2022.
             Shot with an arrow by a centaur warrior (7 damage)
             ... on level 8 of the Dungeon.
             The game lasted 00:49:23 (13521 turns).

IdlyInterested the Cleaver (Demonspawn Fighter)    Turns: 13521, Time: 00:49:24

Health: -6/95      AC: 22    Str: 18    XL:     12   Next: 17%
Magic:  0/12       EV:  6    Int: 15    God:
Gold:   137        SH: 11    Dex: 17    Spells: 11/11 levels left

rFire   + . .      SeeInvis .   a - +1 war axe (chaos)
rCold   + + .      Faith    .   W - +0 kite shield
rNeg    . . .      Spirit   +   k - +0 plate armour
rPois   .          Reflect  .   (helmet restricted)
rElec   .          Harm     .   s - +2 cloak
rCorr   .          Rampage  .   (no gloves)
Will    .....                   Y - +1 pair of boots
Stlth   ..........              X - amulet of regeneration
HPRegen 1.05/turn               E - ring of protection from cold
MPRegen 0.26/turn               U - +6 ring of intelligence

@: no status effects
A: horns 1, icy blue scales 3, magic shield, magic regeneration, magic link,
fire resistance 1
a: no special abilities


You were on level 8 of the Dungeon.
You visited 3 branches of the dungeon, and saw 12 of its levels.

You collected 629 gold pieces.
You spent 492 gold pieces at shops.

Inventory:

Hand Weapons
 a - a +1 war axe of chaos (weapon)
 t - a +0 war axe
 v - a +0 war axe
 G - a +2 whip of electrocution
 I - a +0 war axe
 L - a +3 morningstar
 M - a +4 hand axe of freezing
Missiles
 e - 5 curare-tipped darts
 A - 32 poisoned darts (quivered)
Armour
 b - a +2 robe of cold resistance
 c - a +0 buckler
 f - a +2 robe of the Archmagi
 j - +0 acid dragon scales
 k - a +0 plate armour (worn)
 s - a +2 cloak (worn)
 N - a +0 ring mail of positive energy
 V - a +2 ring mail of fire resistance
 W - a +0 kite shield (worn)
 Y - a +1 pair of boots (worn)
Jewellery
 w - an amulet of reflection
 E - a ring of protection from cold (left hand)
 U - a +6 ring of intelligence (right hand)
 X - an amulet of regeneration (around neck)
Wands
 D - a wand of digging (4)
 R - a wand of flame (13)
Scrolls
 g - a scroll of identify
 o - 3 scrolls of teleportation
 y - 2 scrolls of fear
 K - a scroll of brand weapon
 Q - 2 scrolls of butterflies
 T - 2 scrolls of magic mapping
Potions
 d - 5 potions of might
 h - 3 potions of haste
 i - 9 potions of curing
 l - 2 potions of flight
 m - 2 potions of heal wounds
 n - 4 potions of brilliance
 q - 4 potions of mutation
 H - 2 potions of invisibility
 S - a potion of berserk rage
 Z - a potion of cancellation
Miscellaneous
 r - a phantom mirror (inert)


   Skills:
 - Level 9.0 Fighting
 + Level 10.4 Axes
 - Level 6.0 Throwing
 - Level 6.0 Armour
 - Level 6.0 Dodging
 * Level 8.9 Shields
 + Level 3.1 Evocations


You had 11 spell levels left.
You didn't know any spells.
Your spell library contained the following spells:

 Spells                   Type           Power      Damage    Failure   Level
 Beastly Appendage        Tmut           0%         N/A       100%        1
 Static Discharge         Conj/Air       0%         3-3/arc   100%        2
 Wereblood                Tmut           0%         N/A       100%        2
 Conjure Flame            Conj/Fire      0%         6-21      100%        3
 Ignite Poison            Fire/Tmut/Pois 0%         N/A       100%        3
 Spider Form              Tmut/Pois      0%         N/A       100%        3
 Dispel Undead            Necr           0%         3d6       100%        4
 Sticky Flame             Conj/Fire      0%         2d3       100%        4
 Conjure Ball Lightning   Conj/Air       0%         3x3d6     100%        6
 Discord                  Hex            0%         N/A       100%        8
 Disjunction              Tloc           0%         N/A       100%        8


Dungeon Overview and Level Annotations

Branches:
Dungeon (9/15)             Temple (1/1) D:5            Lair (2/5) D:9
 Shoals (0/4) Lair:2        Snake (0/4) Lair:2          Orc (0/2) D:9

Altars:
Ashenzari
Cheibriados
Dithmenos
Fedhas
Gozag
Hepliaklqana
Kikubaaqudgha
Makhleb
Nemelex Xobeh
Okawaru
Qazlal
Sif Muna
Trog
Uskayaw
Vehumet
Wu Jian
Xom
Yredelemnul

Shops:
D:7 !   D:9 [

Annotations:
Lair:2 2 transporters, pigah's ghost, journeyman OpAE


Innate Abilities, Weirdness & Mutations

You have a pair of small horns on your head.
You are completely covered in icy blue scales. (AC +4, rC+)
When hurt, damage is shared between your health and your magic reserves.
You regenerate magic rapidly.
When low on magic, you restore magic in place of health.
Your flesh is heat resistant. (rF+)


Message History

A battlesphere comes into view.
You slice the two-headed ogre!! You burn the two-headed ogre.
The two-headed ogre is heavily wounded.
You block the two-headed ogre's attack. The two-headed ogre barely misses you.
You slash the two-headed ogre!
The two-headed ogre is severely wounded.
The tengu conjurer gestures wildly while chanting.
The tengu conjurer blinks!
You hit the two-headed ogre.
The two-headed ogre resists with almost no effort.
You headbutt the two-headed ogre!
The two-headed ogre is almost dead.
The two-headed ogre hits you with a +0 giant spiked club!!
You block the two-headed ogre's attack.
Unknown command.
You hit the two-headed ogre.
The two-headed ogre goes berserk!
You headbutt the two-headed ogre, but do no damage.
The two-headed ogre is almost dead.
The two-headed ogre closely misses you.
The two-headed ogre hits you with a +0 giant club!!
You hit the two-headed ogre but do no damage.
The two-headed ogre seems to grow stronger.
Your headbutt misses the two-headed ogre.
The two-headed ogre is almost dead.
The two-headed ogre hits you but does no damage.
The two-headed ogre barely misses you.
You hit the two-headed ogre.
The two-headed ogre is almost dead.
The two-headed ogre hits you but does no damage.
You block the two-headed ogre's attack.
You hit the two-headed ogre.
The two-headed ogre flickers and vanishes!
Deactivating autopickup; reactivate with Ctrl-A.
Something hits you!
* * * LOW HITPOINT WARNING * * *
Something hits you!!
* * * LOW HITPOINT WARNING * * *
The centaur warrior wields a +0 longbow.
The centaur warrior shoots an arrow.
The arrow hits you!
You die...

.#.#.##.###..#.#[#.#
.............#..(#.#
.###.##.###..#..)#.##
.# #.##.# #..#..>#..#
.###.##.###..#.Q)#..#
.............#.u!#.##
.............#Hc)#.#
####.##.####.##{##.#
####.##.####....@..#
................####
..................#
####.#..#.####.##.#
.....#..#.# #.##.#
###.....#.# #.##.#
#..#..#.# #.##.#
###..#..#.# #.##.#
........#.# ####.#


You could see a green ugly thing, a centaur warrior, a manticore and a tengu
conjurer.

Vanquished Creatures
  2 hydras
  An obsidian statue (D:8)
  3 elephants (Lair:1)
  5 black mambas
  4 cane toads
  Maggie (Lair:1)
  2 rime drakes
  2 komodo dragons
  A troll (D:9)
  A hornet (D:6)
  10 blink frogs
  Sigmund (D:5)
  6 yaks (Lair:2)
  2 wyverns
  3 two-headed ogre zombies (D:9)
  12 water moccasins
  Duvessa (D:4)
  An orc warrior (D:9)
  A sky beast (D:8)
  2 ice beasts
  A black bear (D:4)
  3 ogres
  A centaur (D:7)
  4 phantoms
  3 kobold brigands
  Blork the orc (D:4)
  A gnoll sergeant (D:8)
  8 bullfrogs
  3 necrophages
  5 scorpions
  10 wights
  Dowan (D:4)
  2 troll zombies (D:9)
  9 killer bees (D:9)
  2 howler monkeys (D:8)
  4 hounds
  A jelly (D:5)
  Crazy Yiuf (D:4)
  7 orc priests
  Natasha (D:2)
  2 iguanas (D:4)
  9 orc wizards
  2 ogre zombies (D:9)
  9 gnolls
  5 adders
  A river rat (D:6)
  A white imp (D:8)
  4 worms
  31 orcs
  5 ball pythons
  3 bats
  8 endoplasms
  3 giant cockroaches
  3 goblins
  9 hobgoblins
  4 jackals (D:4)
  31 kobolds
  7 quokkas
  5 frilled lizards
  3 goblin skeletons (D:9)
  2 goblin zombies (D:9)
  A hobgoblin skeleton (D:9)
  2 orc skeletons (D:9)
  16 orc zombies (D:9)
  3 rats
298 creatures vanquished.

Vanquished Creatures (collateral kills)
  A manticore (Lair:2)
  A wind drake (Lair:2)
  A water moccasin (Lair:2)
  A hobgoblin zombie (D:9)
4 creatures vanquished.

Vanquished Creatures (others)
  A cane toad (Lair:2)
  An ogre zombie (D:9)
  15 fungi
  14 plants
31 creatures vanquished.

Grand Total: 333 creatures vanquished

Notes
Turn   | Place    | Note
-------+----------+-------------------------------------------
     0 | D:1      | IdlyInterested the Demonspawn Fighter began the quest for
                  | the Orb.
     0 | D:1      | Reached XP level 1. HP: 18/18 MP: 1/1
   213 | D:1      | Reached skill level 2 in Axes
   213 | D:1      | Reached skill level 1 in Throwing
   323 | D:1      | Gained mutation: You have a pair of small horns on your
                  | head. [demonic ancestry]
   323 | D:1      | Reached XP level 2. HP: 17/24 MP: 2/2
  1002 | D:2      | Reached XP level 3. HP: 29/29 MP: 3/3
  1051 | D:2      | Found a faded altar of an unknown god.
  1219 | D:2      | Found a blossoming altar of Fedhas.
  1435 | D:2      | Noticed Natasha
  1442 | D:2      | Killed Natasha
  1443 | D:2      | Reached XP level 4. HP: 35/35 MP: 4/4
  1880 | D:3      | Reached XP level 5. HP: 39/40 MP: 3/5
  2119 | D:4      | Reached skill level 3 in Axes
  2120 | D:4      | Reached skill level 1 in Dodging
  2239 | D:4      | Noticed a phantom
  2248 | D:4      | Gained mutation: You are partially covered in icy blue
                  | scales. (AC +2) [demonic ancestry]
  2248 | D:4      | Reached XP level 6. HP: 33/47 MP: 3/6
  2730 | D:4      | Noticed Duvessa
  2730 | D:4      | Noticed Dowan
  2738 | D:4      | Killed Duvessa
  2739 | D:4      | Reached skill level 4 in Axes
  2742 | D:4      | Killed Dowan
  2743 | D:4      | Gained mutation: You are mostly covered in icy blue scales.
                  | (AC +3) [demonic ancestry]
  2743 | D:4      | Reached XP level 7. HP: 50/52 MP: 5/7
  2945 | D:4      | Reached skill level 1 in Evocations
  3192 | D:4      | Noticed Blork the orc
  3202 | D:4      | Killed Blork the orc
  3203 | D:4      | Reached skill level 5 in Axes
  3467 | D:4      | Gained mutation: You are completely covered in icy blue
                  | scales. (AC +4, rC+) [demonic ancestry]
  3467 | D:4      | Reached XP level 8. HP: 52/60 MP: 8/8
  3635 | D:4      | Found a runed translucent door.
  3636 | D:4      | Noticed Crazy Yiuf
  3644 | D:4      | Killed Crazy Yiuf
  3715 | D:5      | Entered Level 5 of the Dungeon
  3764 | D:5      | Noticed Sigmund
  3771 | D:5      | Killed Sigmund
  3876 | D:5      | Reached skill level 5 in Fighting
  3902 | D:5      | Found a staircase to the Ecumenical Temple.
  3932 | Temple   | Entered the Ecumenical Temple
  4810 | D:6      | Gained mutation: Your spells are a little easier to cast,
                  | but a little less powerful. [potion of mutation]
  4810 | D:6      | Gained mutation: Your flesh is heat resistant. (rF+)
                  | [potion of mutation]
  4976 | D:6      | Reached skill level 6 in Axes
  5111 | D:6      | Reached skill level 5 in Shields
  5256 | D:6      | Noticed a hornet
  5264 | D:6      | Killed a hornet
  5265 | D:6      | Gained mutation: You regenerate magic rapidly. [demonic
                  | ancestry]
  5265 | D:6      | Reached XP level 9. HP: 56/68 MP: 6/9
  6031 | D:7      | Reached skill level 5 in Armour
  6180 | D:7      | Found Bizaino's Distillery.
  6724 | D:8      | Reached skill level 7 in Axes
  7217 | D:8      | Found Jodiarre's Distillery.
  7290 | D:8      | Noticed an obsidian statue
  7309 | D:8      | Lost mutation: Your spells are a little easier to cast, but
                  | a little less powerful. [a neqoxec]
  7344 | D:8      | Noticed an orange demon
  7347 | D:8      | Killed an obsidian statue
  7633 | D:8      | Reached XP level 10. HP: 77/77 MP: 10/10
  7977 | D:8      | Noticed a deep elf pyromancer
  7978 | D:8      | Noticed a manticore
  7982 | D:8      | Noticed a green ugly thing
  7982 | D:8      | Noticed a two-headed ogre
  7986 | D:8      | Noticed a centaur warrior
  8435 | D:9      | Found an ornate altar of the Wu Jian Council.
  8435 | D:9      | Found a blossoming altar of Fedhas.
  8435 | D:9      | Found a shimmering blue altar of Sif Muna.
  8921 | D:9      | Found a staircase to the Orcish Mines.
  8964 | D:9      | Reached skill level 8 in Axes
  9562 | D:9      | Found Socvos's Armour Shoppe.
 10195 | D:9      | Found a staircase to the Lair.
 10208 | D:9      | Found an iron altar of Okawaru.
 10564 | D:9      | Bought a +2 ring mail of fire resistance for 252 gold
                  | pieces
 10600 | Lair:1   | Entered Level 1 of the Lair of Beasts
 10670 | Lair:1   | Noticed a black mamba
 10682 | Lair:1   | Killed a black mamba
 10683 | Lair:1   | Reached skill level 5 in Throwing
 10753 | Lair:1   | Noticed a seven-headed hydra
 10763 | Lair:1   | Killed a seven-headed hydra
 10934 | Lair:1   | Noticed an elephant
 10935 | Lair:1   | Noticed an elephant
 10936 | Lair:1   | Noticed a cane toad
 10936 | Lair:1   | Noticed an elephant
 10937 | Lair:1   | Noticed a cane toad
 10947 | Lair:1   | Killed a cane toad
 10949 | Lair:1   | Killed a cane toad
 10950 | Lair:1   | Gained mutation: When hurt, damage is shared between your
                  | health and your magic reserves. [demonic ancestry]
 10950 | Lair:1   | Reached XP level 11. HP: 23/84 MP: 5/11
 10966 | Lair:1   | Reached skill level 9 in Axes
 11436 | Lair:1   | Noticed Maggie
 11454 | Lair:1   | Killed Maggie
 11920 | Lair:2   | Reached skill level 5 in Dodging
 11978 | Lair:2   | Reached skill level 10 in Axes
 12095 | Lair:2   | Noticed a five-headed hydra
 12122 | Lair:2   | Killed a five-headed hydra
 12231 | Lair:2   | Gained mutation: When low on magic, you restore magic in
                  | place of health. [demonic ancestry]
 12231 | Lair:2   | Reached XP level 12. HP: 73/95 MP: 10/12
 12286 | Lair:2   | Found a staircase to the Shoals.
 12488 | Lair:2   | Found a staircase to the Snake Pit.
 12568 | Lair:2   | Found a transporter.
 12568 | Lair:2   | Noticed pigah's ghost (journeyman OpAE)
 12569 | Lair:2   | Found a transporter.
 13247 | D:7      | Bought a potion of heal wounds for 75 gold pieces
 13247 | D:7      | Bought a potion of curing for 45 gold pieces
 13247 | D:7      | Bought a potion of curing for 45 gold pieces
 13247 | D:7      | Bought a potion of heal wounds for 75 gold pieces
 13521 | D:8      | HP: 1/95 [something (22)]
 13521 | D:8      | Shot with an arrow by a centaur warrior

Illustrated notes

Levels and vault maps discovered:
D:1:      matt_arrival_refuge, layout_rooms, hangedman_decor_diamond_cutter,
          minmay_pentomino_w2
D:2:      layout_rooms, shapermc_ecumenical_altar_acropolis, basic_altar,
          dreamdust_princess_corridor, minmay_misc_feat_tower,
          serial_park_tiny_1, uniq_natasha
D:3:      layout_rooms
D:4:      minmay_thinvault, layout_basic, uniq_blork_the_orc, uniq_duvessa,
          uniq_crazy_yiuf_cottage
D:5:      layout_basic, minmay_temple_entry_grid, uniq_sigmund
D:6:      layout_gridville, nicolae_zen_rock_garden
D:7:      layout_basic, serial_shops, nicolae_shop_stone, minmay_splitting_lines
D:8:      minmay_statue_hallways, layout_basic, serial_shops,
          kennysheep_mini_moat, eino_small_chamber_without_monster,
          onia_ninara_dug_in_and_dangerous
D:9:      layout_basic, chequers_temple_overflow_statue_of_worship,
          lair_entry_dummy, zombieorc2_lemuel, serial_shops,
          nicolae_shop_competitors_out_of_business, grunt_decor_mini_mirrors
Temple:   minmay_crystal_spiral_temple
Lair:1:   layout_gridlike, grunt_forest_small_clearings, lemuel_old_faithful,
          grunt_megastairs_4, uniq_maggie
Lair:2:   layout_chaotic_city, minmay_shoals_entry_beasts,
          minmay_snake_entry_six_corridors, gammafunk_ghost_hive,
          infiniplex_staircase_pool_2

Skill      XL: |  1  2  3  4  5  6  7  8  9 10 11 12 |
---------------+-------------------------------------+-----
Axes           | 2 3 4 5 6 7 8 10 | 10.4
Throwing       | 1 2 3 5 6 |  6.0
Shields        | 3 4 5 6 8 |  8.9
Dodging        | 2 3 5 6 |  6.0
Armour         | 3 4 6 |  6.0
Evocations     | 3 |  3.1
Fighting       | 4 5 6 7 9 |  9.0

Action                   |  1- 3 |  4- 6 |  7- 9 | 10-12 || total
-------------------------+-------+-------+-------+-------++-------
Melee: War axe           |    92 |    87 |   351 |   370 ||   900
       Headbutt          |     9 |    11 |    72 |   109 ||   201
       Hand axe          |       |       |    10 |   108 ||   118
       Whip              |       |       |       |    12 ||    12
Throw: Dart              |       |     1 |     8 |    44 ||    53
       Boomerang         |       |       |     9 |       ||     9
Evoke: Wand              |       |       |     1 |     7 ||     8
       Phantom mirror    |       |       |       |     1 ||     1
  Use: Scroll            |     2 |     5 |     9 |     5 ||    21
       Potion            |     1 |       |     3 |     9 ||    13
 Stab: Confused          |       |       |     1 |     1 ||     2
       Distracted        |       |       |       |     1 ||     1
Armor: Scale mail        |    46 |    56 |    61 |       ||   163
       Chain mail        |       |       |    33 |       ||    33
       Plate armour      |       |       |   140 |   380 ||   520
Dodge: Dodged            |    51 |    32 |   116 |   138 ||   337
Block: Buckler           |    24 |    19 |    87 |    61 ||   191
       Kite shield       |       |       |       |   164 ||   164

Table legend: (Time is in decaauts)
 A = Elapsed time spent in this place.
 B = Non-inter-level travel time spent in this place.
 C = Inter-level travel time spent in this place.
 D = Time resting spent in this place.
 E = Time spent auto-exploring this place.
 F = Levels seen in this place.
 G = Mean time per level.
                   A        B        C        D        E       F      G
               +--------+--------+--------+--------+--------+-----+--------+
         Total |  13737 |  12320 |   1417 |   2248 |   7002 |  12 | 1144.8 |
       Dungeon |  10777 |   9730 |   1047 |   1685 |   5721 |   9 | 1197.4 |
        Temple |    212 |    128 |     84 |      0 |    112 |   1 |  212.0 |
          Lair |   2746 |   2460 |    286 |    563 |   1169 |   2 | 1373.0 |
               +--------+--------+--------+--------+--------+-----+--------+

Top non-repeatable levels by time:
     D:9: 2122 daAuts
     D:8: 1858 daAuts
     D:4: 1674 daAuts
  Lair:1: 1456 daAuts
  Lair:2: 1289 daAuts
     D:6: 1083 daAuts
     D:7: 1059 daAuts
     D:1: 918 daAuts
     D:2: 754 daAuts
     D:5: 741 daAuts
     D:3: 564 daAuts
  Temple: 212 daAuts
